 Dungeon Crawl Stone Soup version 0.31-a0-193-gdfe2569204 (webtiles) character file.

Game seed: 6991452077884082015

705 qw the Skirmisher (level 7, -2/40 HPs)
             Began as a Deep Elf Hunter on June 24, 2023.
             Killed from afar by an orc wizard (4 damage)
             ... with a magic dart
             ... on level 5 of the Dungeon.
             The game lasted 00:02:12 (4352 turns).

qw the Skirmisher (Deep Elf Hunter)                 Turns: 4352, Time: 00:02:12

Health: -2/40      AC: 17    Str: 10    XL:     7   Next: 39%
Magic:  9/9        EV: 12    Int: 14    God:
Gold:   23         SH:  0    Dex: 18    Spells: 6/6 levels left

rFire   . . .        b - +0 orcbow
rCold   . . .        (shield currently unavailable)
rNeg    . . .        n - +0 ring mail
rPois   +            c - +2 helmet
rElec   .            e - +0 cloak
rCorr   .            g - +2 pair of gloves
SInv    .            k - +0 pair of boots
Will    .....        i - amulet of faith Stlth
                     p - +4 ring of protection
HPRegen 0.26/turn    l - ring of poison resistance
MPRegen 0.11/turn

%: faith
@: confused
A: no striking features
a: no special abilities


You were on level 5 of the Dungeon.
You visited 2 branches of the dungeon, and saw 6 of its levels.
You also visited: Ossuary.

You collected 236 gold pieces.
You spent 213 gold pieces at shops.


   Skills:
 - Level 2.0 Fighting
 + Level 11.0 Ranged Weapons
 - Level 1.1 Armour
 - Level 3.9 Dodging
 - Level 1.2 Stealth


You had 6 spell levels left.
You didn't know any spells.
Your spell library was empty.

Inventory:

Hand Weapons
 b - a +0 orcbow (weapon)
Armour
 c - a +2 helmet (worn)
 e - a +0 cloak (worn)
 g - a +2 pair of gloves (worn)
 k - a +0 pair of boots (worn)
 n - a +0 ring mail (worn)
Jewellery
 i - an amulet of faith (around neck)
 l - a ring of poison resistance (right hand)
 m - an amulet of the acrobat
 p - a +4 ring of protection (left hand)
 q - a +6 ring of strength
Scrolls
 a - a scroll of identify
Potions
 d - a potion of mutation
 f - 3 potions of resistance

Dungeon Overview and Level Annotations

Branches:
Dungeon (5/15)             Temple (1/1) D:4         Ossuary (visited)

Altars:
Ashenzari
Elyvilon
Fedhas
Gozag
Hepliaklqana
Makhleb
Nemelex Xobeh
Qazlal
Trog
Wu Jian
Xom
Zin
The Shining One

Shops:
D:4 :*[


Message History

The gnoll bouda prays to its god.
The gnoll bouda is healed somewhat.
Something hits you but does no damage. The gnoll barely misses you.
You shoot an arrow.
The arrow completely misses the gnoll bouda.
The gnoll bouda closely misses you. The gnoll closely misses you.
Something hits you but does no damage.
You shoot an arrow.
The arrow barely misses the gnoll bouda.
The gnoll bouda hits you but does no damage.
The gnoll hits you but does no damage.
You hear some strange, mumbled words.
A magic dart appears from out of thin air!
The magic dart hits you but does no damage.
You shoot an arrow.
The arrow barely misses the gnoll bouda.
The gnoll bouda hits you with a +0 whip.
Something hits you but does no damage. The gnoll barely misses you.
You shoot an arrow. The arrow hits the gnoll bouda!
You kill the gnoll bouda!
The gnoll hits you from afar with a +0 halberd.
Something hits you.
Your Ranged Weapons skill increases to level 11!
You shoot an arrow. The arrow hits the gnoll.
The gnoll is moderately wounded.
The gnoll barely misses you. Something hits you.
Something hits you but does no damage. The gnoll barely misses you.
You shoot an arrow. The arrow hits the gnoll!
The gnoll is almost dead.
You hear a shout!
You hear some strange, mumbled words.
You are confused.
The gnoll closely misses you.
The gnoll is no longer moving quickly.
The gnoll hits you from afar with a +0 halberd.
Something hits you. The gnoll barely misses you.
You hear some strange, mumbled words.
A magic dart appears from out of thin air!
The magic dart hits you.
You die...

g.#...... #+#####.
.#o....######....#..
g.....#.........#..
#g....#.........#..
####...g.#.....%...#..
.........#.........#..
.........###.##..#....
###g####.###'#####
#@)...........#
#.{...........#
#.............#
###############


You could see a gnoll.

Vanquished Creatures
  Sigmund (D:2)
  A centaur (D:5)
  4 hounds
  A gnoll bouda (D:5)
  2 sleepcaps (D:4)
  Ijyb (D:3)
  An iguana (D:4)
  Robin (D:4)
  6 adders
  2 worms
  3 dart slugs
  8 orcs
  7 endoplasms
  7 giant cockroaches
  18 goblins
  12 hobgoblins
  6 jackals
  7 kobolds
  5 quokkas
  9 ball pythons
  8 bats
  2 frilled lizards
  A goblin zombie (D:4)
  7 hobgoblin zombies (Ossuary)
  7 kobold zombies (Ossuary)
  6 orc zombies (Ossuary)
  8 rats
  A rat zombie (D:4)
142 creatures vanquished.

Notes
Turn   | Place    | Note
-------+----------+-------------------------------------------
     0 | D:1      | qw the Deep Elf Hunter began the quest for the Orb.
     0 | D:1      | Reached XP level 1. HP: 12/12 MP: 3/3
     0 | D:1      | 0 ||| qw: Version: 0.3-a-9-g12657ce
     0 | D:1      | 0 ||| qw: Game counter: 4661
     0 | D:1      | 0 ||| qw: Always use a shield: true
     0 | D:1      | 0 ||| qw: God list: Okawaru
     0 | D:1      | 0 ||| qw: Allow faded altars: false
     0 | D:1      | 0 ||| qw: Do Orc after D:15 true
     0 | D:1      | 0 ||| qw: Do second Lair branch before Depths: true
     0 | D:1      | 0 ||| qw: Lair rune preference: random
     0 | D:1      | 0 ||| qw: Plans: Normal
     0 | D:1      | 0 ||| PLANNING D:1-11
    97 | D:1      | Reached skill level 6 in Ranged Weapons
    97 | D:1      | Reached XP level 2. HP: 15/16 MP: 4/4
   329 | D:1      | Reached XP level 3. HP: 18/20 MP: 5/5
   677 | D:1      | 677 ||| UPGRADING to +0 cloak.
   682 | D:1      | 682 ||| UPGRADING to +0 scale mail.
   692 | D:1      | 692 ||| DROPPING +0 leather armour.
   693 | D:1      | 693 ||| UPGRADING to +0 helmet.
   698 | D:1      | 698 ||| UPGRADING to amulet of the acrobat.
   703 | D:1      | 703 ||| UPGRADING to +4 ring of protection.
   704 | D:1      | 704 ||| READING 2 scrolls labelled KUIPYN XALOBE.
   705 | D:1      | 705 ||| READING scroll labelled XATWAI FAL PED.
   706 | D:1      | 706 ||| READING scroll labelled CAKHLY GEITRERUR.
   709 | D:1      | 709 ||| READING scroll labelled FEOBIBB GOPNE.
   710 | D:1      | 710 ||| DRINKING 2 inky potions.
   711 | D:1      | 711 ||| DRINKING 2 silvery potions.
   737 | D:1      | 737 ||| DROPPING scroll of butterflies.
   738 | D:1      | 738 ||| DROPPING potion of lignification.
   753 | D:2      | Noticed Sigmund
   757 | D:2      | Reached skill level 7 in Ranged Weapons
   761 | D:2      | 761 ||| STAIRDANCE
   814 | D:2      | 814 ||| STAIRDANCE
   832 | D:2      | 832 ||| STAIRDANCE
   834 | D:2      | 834 ||| STAIRDANCE
   855 | D:2      | 855 ||| STAIRDANCE
   878 | D:2      | 878 ||| STAIRDANCE
   909 | D:2      | Killed Sigmund
   910 | D:2      | Reached skill level 9 in Ranged Weapons
   910 | D:2      | Reached XP level 4. HP: 25/25 MP: 6/6
   910 | D:2      | Reached XP level 5. HP: 29/29 MP: 7/7
  1139 | D:2      | Reached skill level 1 in Armour
  1181 | D:2      | Reached XP level 6. HP: 35/35 MP: 8/8
  1564 | D:2      | 1564 ||| READING scroll labelled TUYREWIZOS.
  1565 | D:2      | 1565 ||| READING 2 scrolls of identify.
  1565 | D:2      | 1565 ||| IDENTIFYING metallic white potion
  1566 | D:2      | 1566 ||| DROPPING potion of berserk rage.
  1979 | D:3      | Noticed Ijyb
  2006 | D:3      | Killed Ijyb
  2435 | D:3      | 2435 ||| DROPPING amulet of guardian spirit.
  2436 | D:3      | 2436 ||| UPGRADING to amulet of faith.
  2446 | D:3      | 2446 ||| DROPPING ring of flight.
  2447 | D:3      | 2447 ||| UPGRADING to ring of poison resistance.
  2448 | D:3      | 2448 ||| READING scroll labelled FYDUUN DUPRE.
  2449 | D:3      | 2449 ||| READING 3 scrolls of identify.
  2449 | D:3      | 2449 ||| IDENTIFYING fuming black potion
  2450 | D:3      | 2450 ||| READING 2 scrolls of identify.
  2450 | D:3      | 2450 ||| IDENTIFYING white potion
  2451 | D:3      | 2451 ||| DROPPING potion of invisibility.
  2459 | D:4      | 2459 ||| PLANNING OSSUARY
  2535 | D:4      | Noticed Robin
  2556 | D:4      | Killed Robin
  2566 | D:4      | HP: 5/30 [goblin/+0 club[Robin] (4)]
  2573 | D:4      | HP: 4/30 [goblin/+0 dagger[Robin] (1)]
  2717 | D:4      | Found a staircase to the Ecumenical Temple.
  2767 | D:4      | Found Cimpog's Assorted Antiques.
  2770 | D:4      | Found Urav Ulu's Book Shoppe.
  2771 | D:4      | Found Wugoic's Antique Armour Boutique.
  2814 | D:4      | Reached skill level 10 in Ranged Weapons
  2902 | D:4      | Found a sand-covered staircase.
  2903 | D:4      | 2903 ||| UPGRADING to +2 helmet.
  2913 | D:4      | 2913 ||| UPGRADING to +2 pair of gloves.
  2918 | D:4      | 2918 ||| DROPPING +0 helmet.
  2932 | Ossuary  | Entered an ossuary
  3076 | D:4      | 3076 ||| PLANNING TEMPLE
  3138 | Temple   | Entered the Ecumenical Temple
  3328 | Temple   | 3328 ||| PLANNING D:1-11
  3561 | D:4      | Found a broken altar of Ashenzari.
  3617 | D:4      | Found a blossoming altar of Fedhas.
  3674 | D:4      | Reached XP level 7. HP: 27/40 MP: 9/9
  3800 | D:4      | 3800 ||| BUYING pair of boots (99 gold).
  3800 | D:4      | Bought a pair of boots for 99 gold pieces
  3800 | D:4      | 3800 ||| BUYING ring mail (88 gold).
  3800 | D:4      | Bought a ring mail for 88 gold pieces
  3802 | D:4      | 3802 ||| SHOPLISTING jewelled fluorescent wand (104 gold,
                  | have 49).
  3802 | D:4      | 3802 ||| SHOPLISTING pair of pitted boots (247 gold, have
                  | 49).
  3802 | D:4      | 3802 ||| BUYING scroll labelled DOLE BIALIGYD (26 gold).
  3802 | D:4      | Bought a scroll labelled DOLE BIALIGYD for 26 gold pieces
  3802 | D:4      | 3802 ||| SHOPLISTING scroll of teleportation (78 gold, have
                  | 23).
  4114 | D:4      | 4114 ||| UPGRADING to +0 pair of boots.
  4119 | D:4      | 4119 ||| UPGRADING to +0 ring mail.
  4129 | D:4      | 4129 ||| DROPPING +0 scale mail.
  4130 | D:4      | 4130 ||| READING scroll labelled GOMEUGIAFA.
  4131 | D:4      | 4131 ||| READING scroll labelled DOLE BIALIGYD.
  4132 | D:4      | 4132 ||| DRINKING 2 clear potions.
  4136 | D:4      | 4136 ||| DROPPING potion of ambrosia.
  4157 | D:5      | Entered Level 5 of the Dungeon
  4194 | D:5      | Reached skill level 3 in Dodging
  4319 | D:5      | 4319 ||| SWAPPING to +0 orcbow.
  4322 | D:5      | 4322 ||| Stepping ~*~*~tactically~*~*~ (outnumbered).
  4323 | D:5      | 4323 ||| DROPPING +0 shortbow.
  4326 | D:5      | 4326 ||| Stepping ~*~*~tactically~*~*~ (outnumbered).
  4332 | D:5      | 4332 ||| Stepping ~*~*~tactically~*~*~ (outnumbered).
  4349 | D:5      | Reached skill level 11 in Ranged Weapons
  4349 | D:5      | HP: 7/40 [something (4)]
  4351 | D:5      | HP: 3/40 [gnoll/+0 halberd[a gnoll bouda] (5)]
  4352 | D:5      | Killed from afar by an orc wizard

Levels and vault maps discovered:
D:1:      minmay_arrival_stair_chambers, layout_loops_ring, minmay_octomino_c4
D:2:      layout_basic, kennysheep_generic_room_14, uniq_sigmund
D:3:      layout_basic, uniq_ijyb
D:4:      layout_basic, mainiacjoe_overflow_six_doors_small, ashenzari_altar_1,
          temple_pool_b, enter_ossuary_4, nicolae_wooded_promenade, uniq_robin
D:5:      layout_gridville, nicolae_ru_great_annihilating_truth,
          nicolae_overflow_squiral
Temple:   minmay_temple_curvy_loop

Skill      XL: |  1  2  3  4  5  6  7 |
---------------+----------------------+-----
Ranged Weapons | 6 9 10 11 | 11.0
Armour         | 1 |  1.1
Fighting       | 2 |  2.0
Dodging        | 3 |  3.9
Stealth        | |  1.2

Action                     |  1- 3 |  4- 6 |  7- 9 || total
---------------------------+-------+-------+-------++-------
  Melee: Unarmed           |       |    18 |       ||    18
   Fire: Shortbow          |   115 |   338 |    50 ||   503
         Orcbow            |       |       |    26 ||    26
    Use: Scroll            |     4 |     5 |     2 ||    11
         Potion            |     2 |       |     1 ||     3
 Armour: Leather armour    |    17 |       |       ||    17
         Scale mail        |     7 |   151 |     6 ||   164
         Skin              |       |     1 |       ||     1
         Ring mail         |       |       |    38 ||    38
  Dodge: Dodged            |    42 |   117 |    43 ||   202

Table legend:
 A = Non-vault XP
 B = Vault XP
 C = Vault XP percentage of total XP
 D = Non-vault monster count
 E = Vault monster count
 F = Vault count percentage of total count
                 A         B        C        D         E       F
            +---------+---------+-------+---------+---------+-------
      Total |     681 |     327 |  32.4 |      99 |      43 |  30.3
            +---------+---------+-------+---------+---------+-------
        D:1 |      51 |      10 |  16.4 |      27 |       6 |  18.2
        D:2 |     119 |     223 |  65.2 |      23 |       1 |   4.2
        D:3 |      67 |      36 |  35.0 |      22 |       1 |   4.3
        D:4 |     249 |      38 |  13.2 |      23 |      15 |  39.5
        D:5 |     195 |       0 |   0.0 |       4 |       0 |   0.0
    Ossuary |       0 |      20 | 100.0 |       0 |      20 | 100.0
            +---------+---------+-------+---------+---------+-------
